 Dungeon Crawl Stone Soup version 0.27.1-35-g4d5d836560 (console) character file.

Game seed: 4282096012662411115

4569 grimtooth the Fighter (level 10, -7/83 HPs)
             Began as a Demonspawn Abyssal Knight on June 5, 2022.
             Was a High Priest of Lugonu.
             Mangled by a steam dragon (9 damage)
             ... on level 8 of the Dungeon.
             The game lasted 00:56:52 (9887 turns).

grimtooth the Fighter (Demonspawn Abyssal Knight)   Turns: 9887, Time: 00:56:53

Health: -7/83      AC:  8    Str: 12    XL:     10   Next: 18%
Magic:  14/16      EV: 10    Int: 23    God:    Lugonu [*****.]
Gold:   477        SH:  0    Dex: 17    Spells: 8/9 levels left

rFire    . . .     SeeInvis .   a - +1 mace
rCold    . . .     Faith    .   (no shield)
rNeg     . . .     Spirit   .   s - +0 swamp dragon scales
rPois    +         Reflect  .   (no helmet)
rElec    .         Harm     .   u - scarf {shadows}
rCorr    .         Rampage  .   h - +0 pair of gloves
Will     .....                  (no boots)
Stlth    +++.......             (no amulet)
HPRegen  0.23/turn              F - +6 ring of intelligence
MPRegen  0.15/turn              k - ring of wizardry

@: no status effects
A: talons 1, thin skeletal structure 2, demonic magic 3
a: Renounce Religion, Depart the Abyss, Bend Space, Banish, Corrupt, Enter the
Abyss


You were on level 8 of the Dungeon.
You worshipped Lugonu.
Lugonu was extremely pleased with you.
You visited 1 branch of the dungeon, and saw 7 of its levels.
You visited the Abyss 1 time.
You also visited: Ossuary and Bailey.

You collected 561 gold pieces.
You spent 84 gold pieces at shops.

Inventory:

Hand Weapons
 a - a +1 mace (weapon)
 i - a +2 dagger of draining
 J - a +0 hunting sling of freezing
Missiles
 c - 42 sling bullets
 f - 75 stones
 t - 15 poisoned darts (quivered)
 w - 43 boomerangs
 y - 2 throwing nets {=f}
Armour
 h - a +0 pair of gloves (worn)
 s - +0 swamp dragon scales (worn)
 u - a scarf of shadows (worn)
 G - a +0 leather armour of fire resistance
Jewellery
 k - a ring of wizardry (right hand)
 o - a ring of flight
 F - a +6 ring of intelligence (left hand)
Wands
 l - a wand of charming (5)
 E - a wand of flame (10)
Scrolls
 b - a scroll of amnesia {unknown}
 d - a scroll of torment {unknown}
 g - 3 scrolls of silence {unknown}
 j - a scroll of magic mapping
 m - 3 scrolls of noise {unknown}
 n - 4 scrolls of teleportation {unknown}
 r - a scroll of vulnerability {unknown}
 v - a scroll of fog
 x - 2 scrolls of fear {unknown}
Potions
 e - 2 potions of haste
 p - 3 potions of attraction
 q - 2 potions of lignification {unknown}
 z - 3 potions of mutation
 A - a potion of curing
 B - 2 potions of resistance {unknown}
 C - 3 potions of brilliance
 D - a potion of flight {unknown}


   Skills:
 - Level 9.0 Fighting
 - Level 6.0 Maces & Flails
 - Level 1.7 Armour
 - Level 0.8 Dodging
 + Level 8.1 Earth Magic
 + Level 8.1 Invocations


You had 8 spell levels left.
You knew the following spells:

 Your Spells              Type           Power      Damage    Failure   Level
a - Sandblast             Erth           74%        2d16      1%          1

Your spell library contained the following spells:

 Spells                   Type           Power      Damage    Failure   Level
 Passwall                 Tmut/Erth      15%        N/A       4%          2
 Freeze                   Ice            0%         1d3       14%         1
 Lee's Rapid Deconstruct  Erth           18%        3d12*     14%         5
 Frozen Ramparts          Ice            0%         1d2       38%         3
 Gell's Gravitas          Tloc           0%         N/A       38%         3
 Lesser Beckoning         Tloc           0%         N/A       38%         3
 Teleport Other           Tloc           0%         N/A       38%         3
 Hailstorm                Conj/Ice       0%         3d3       77%         4


Dungeon Overview and Level Annotations

Branches:
Dungeon (8/15)             Temple (0/1) D:5         Ossuary (visited)
 Bailey (visited)
   Lair: D:8-11

Altars:
Ashenzari
Dithmenos
Fedhas
Qazlal
Uskayaw
Vehumet
Yredelemnul
The Shining One

Shops:
D:3 :([?=   D:6 *

Annotations:
D:3 2 transporters, DemonSlayer's ghost, amateur DECj
D:5 Edmund
D:6 3 runed translucent doors, Selrock's ghost, novice MiFi; porpoise's ghost, novice FoDe


Innate Abilities, Weirdness & Mutations

You have sharp toenails.
You have a moderately thin skeletal structure. (Dex +4, Stealth++)
Spells you cast and wands you use may paralyse nearby enemies.


Message History

The steam dragon is moderately wounded.
The steam dragon breathes steam at you. The ball of steam hits you!!
You hit the steam dragon.
The steam dragon is moderately wounded.
You are engulfed in a cloud of scalding steam.
* * * LOW HITPOINT WARNING * * *
The steam dragon bites you!
* * * LOW HITPOINT WARNING * * *
The steam dragon claws you.
* * * LOW HITPOINT WARNING * * *
You hit the steam dragon but do no damage.
Your kick misses the steam dragon.
The steam dragon is moderately wounded.
You are engulfed in a cloud of scalding steam.
The steam dragon bites you.
* * * LOW HITPOINT WARNING * * *
The steam dragon claws you but does no damage.
Space bends around you!
You blink.
You are engulfed in a cloud of scalding steam.
* * * LOW HITPOINT WARNING * * *
Press: ? - help, v - describe, . - travel
Here: a steam dragon (moderately wounded)
The floor, spattered with blood.
Enter note: - stupid
Okay, then.
You feel better.
You are engulfed in a cloud of scalding steam.
* * * LOW HITPOINT WARNING * * *
Okay, then.
Casting: Sandblast (safe; 1% risk of failure)
Confirm with . or Enter, or press ? or * to list all spells.
Aiming: Sandblast (safe; 1% risk of failure)
Press: ? - help, Shift-Dir - straight line, f - steam dragon
Aim: a steam dragon (moderately wounded, 82% to hit)
The blast of sand misses the steam dragon.
f - 75 stones Malevolent energies surge around you.
The steam dragon bites you!
You die...

#....###...................#.#
##.........................#
#..(.......................#
###..(####..##..####......##.#
#.....)........## ####..##..#
#........####### #..# .##
#.##..#### #...#. #......#
###... #......# ...#
##....[[##################.###
.......[........@D...$....
.##.....##################
.##.....## .........#
#####..#.# ....####.#
....####!# .∩[.')!.!#
....####.# ....# #.# #####
##.#


You could see a steam dragon.

Vanquished Creatures
  An orc knight (Bailey)
  Maggie (D:6)
  Grinder (D:6)
  Sigmund (D:2)
  A steam dragon (D:6)
  A water moccasin (D:5)
  A black bear (D:5)
  6 orc warriors (Bailey)
  2 necrophages (D:6)
  2 ice beasts
  2 ogres (D:5)
  A centaur (D:5)
  A phantom (D:4)
  A bullfrog (D:5)
  A gnoll sergeant (D:6)
  A wyvern zombie (D:6)
  6 water moccasin zombies (Ossuary)
  4 scorpions
  A howler monkey (D:8)
  2 jellies (D:6)
  7 orc priests
  5 hounds
  Jessica (D:3)
  An iguana (D:2)
  Natasha (thrice) (D:2)
  Terence (D:2)
  3 orc wizards (D:5)
  A killer bee zombie (D:8)
  2 hound skeletons
  2 mummies (Ossuary)
  8 adders
  9 gnolls
  9 river rats (D:5)
  An ufetubus (D:4)
  7 adder zombies (Ossuary)
  26 orcs
  8 endoplasms
  A giant cockroach (D:1)
  2 gnoll zombies (Ossuary)
  11 goblins
  5 hobgoblins
  26 kobolds
  9 quokkas
  10 ball pythons
  5 bats
  5 frilled lizards
  6 hobgoblin zombies (Ossuary)
  4 kobold zombies (Ossuary)
  4 orc zombies (Ossuary)
  A quokka skeleton (D:4)
  23 rats
  A spectral orc (D:4)
244 creatures vanquished.

Vanquished Creatures (others)
  A water moccasin skeleton (D:5)
1 creature vanquished.

Grand Total: 245 creatures vanquished

Notes
Turn   | Place    | Note
-------+----------+-------------------------------------------
     0 | Abyss:1  | grimtooth the Demonspawn Abyssal Knight began the quest for
                  | the Orb.
     0 | Abyss:1  | Reached XP level 1. HP: 18/18 MP: 2/2
    86 | Abyss:1  | Noticed a large abomination
    86 | Abyss:1  | Noticed a wraith
    87 | D:1      | Escaped the Abyss
   274 | D:1      | Gained mutation: You have sharp toenails. [demonic
                  | ancestry]
   274 | D:1      | Reached XP level 2. HP: 13/24 MP: 3/3
   365 | D:1      | Reached * piety under Lugonu
   573 | D:1      | Found a faded altar of an unknown god.
  1209 | D:2      | Reached XP level 3. HP: 29/29 MP: 4/4
  1265 | D:2      | Noticed Terence
  1515 | D:2      | Noticed Natasha
  1515 | D:2      | Noticed Sigmund
  1522 | D:3      | Found Maossiu's Jewellery Emporium.
  1547 | D:3      | Gained mutation: Spells you cast may paralyse adjacent
                  | enemies. [demonic ancestry]
  1547 | D:3      | Reached XP level 4. HP: 15/37 MP: 5/5
  1888 | D:3      | Noticed DemonSlayer's ghost (amateur DECj)
  1890 | D:3      | Noticed a phantom
  1897 | D:3      | Found a transporter.
  1955 | D:2      | Learned a level 1 spell: Sandblast
  1989 | D:2      | Reached skill level 4 in Fighting
  2116 | D:2      | Reached XP level 5. HP: 25/42 MP: 6/6
  2364 | D:2      | Reached ** piety under Lugonu
  2898 | D:3      | Found a transporter.
  3030 | D:3      | Found Ittir's Magic Scroll Emporium.
  3038 | D:3      | Bought a scroll of identify for 28 gold pieces
  3039 | D:3      | Bought a scroll of identify for 28 gold pieces
  3039 | D:3      | Bought a scroll of identify for 28 gold pieces
  3048 | D:3      | Found Byocamel's Antique Weapon Shoppe.
  3079 | D:3      | Found Libyikh's Antique Armour Boutique.
  3096 | D:3      | Found Owetaoto's Book Shoppe.
  3153 | D:3      | Found a hide-covered altar of Uskayaw.
  3197 | D:3      | Found a stormy altar of Qazlal.
  3293 | D:3      | Noticed Jessica
  3303 | D:3      | Killed Jessica
  3408 | D:3      | Found a shadowy altar of Dithmenos.
  3482 | D:4      | Gained mutation: Spells you cast may paralyse nearby
                  | enemies. [demonic ancestry]
  3482 | D:4      | Reached XP level 6. HP: 49/49 MP: 7/7
  3516 | D:4      | Found a broken altar of Ashenzari.
  3553 | D:4      | Reached skill level 5 in Maces & Flails
  3773 | D:4      | Found a basalt altar of Yredelemnul.
  3946 | D:4      | Reached skill level 5 in Fighting
  3961 | D:5      | Entered Level 5 of the Dungeon
  3963 | D:5      | Found a radiant altar of Vehumet.
  3993 | D:5      | Found a sand-covered staircase.
  3998 | Ossuary  | Entered an ossuary
  4038 | Ossuary  | Gained mutation: Spells you cast and wands you use may
                  | paralyse nearby enemies. [demonic ancestry]
  4038 | Ossuary  | Reached XP level 7. HP: 44/56 MP: 8/8
  4243 | Ossuary  | Reached *** piety under Lugonu
  4280 | Ossuary  | Reached skill level 6 in Fighting
  4659 | D:5      | Reached skill level 7 in Fighting
  4875 | D:5      | Reached skill level 1 in Earth Magic
  4907 | D:5      | Gained mutation: You have a somewhat thin skeletal
                  | structure. (Dex +2, Stealth+) [demonic ancestry]
  4907 | D:5      | Reached XP level 8. HP: 48/67 MP: 9/9
  4996 | D:5      | Found a blossoming altar of Fedhas.
  5101 | D:5      | Found a staircase to the Ecumenical Temple.
  5511 | D:5      | Reached **** piety under Lugonu
  5988 | D:5      | Reached skill level 8 in Fighting
  6156 | D:5      | Reached skill level 5 in Earth Magic
  6350 | D:6      | Found Boprag's Lightly-Used Armoury.
  6365 | D:6      | Noticed Maggie
  6366 | D:6      | - bad
  6380 | D:6      | Killed Maggie
  6381 | D:6      | Gained mutation: You have a moderately thin skeletal
                  | structure. (Dex +4, Stealth++) [demonic ancestry]
  6381 | D:6      | Reached XP level 9. HP: 27/75 MP: 8/10
  6534 | D:6      | Noticed Grinder
  6564 | D:6      | Killed Grinder
  6565 | D:6      | Reached skill level 9 in Fighting
  6586 | D:6      | Reached ***** piety under Lugonu
  7157 | D:6      | Found a runed translucent gate.
  7158 | D:6      | Found a runed translucent gate.
  7159 | D:6      | Found a runed translucent gate.
  7160 | D:6      | Noticed Selrock's ghost (novice MiFi)
  7160 | D:6      | Noticed porpoise's ghost (novice FoDe)
  7184 | D:6      | Noticed Edmund
  7222 | D:6      | - so close
  7628 | D:2      | Killed Natasha
  7645 | D:2      | Killed Terence
  7847 | D:2      | Killed Sigmund
  7848 | D:2      | Reached skill level 5 in Invocations
  7973 | D:2      | Noticed Natasha
  7975 | D:2      | Killed Natasha
  8032 | D:2      | Noticed Natasha
  8035 | D:2      | Killed Natasha
  8735 | D:6      | You fall into a shaft and drop 2 floors!
  8851 | D:8      | Found a flagged portal.
  8919 | Bailey   | Entered a bailey
  9045 | Bailey   | Noticed an orc knight
  9100 | Bailey   | Identified the +5 ring mail of Cueguahudd {Rampage}
  9330 | Bailey   | Reached XP level 10. HP: 58/83 MP: 15/15
  9518 | Bailey   | Killed an orc knight
  9885 | D:8      | - stupid
  9885 | D:8      | HP: 2/83 [steam dragon] (10)]
  9887 | D:8      | Mangled by a steam dragon

Illustrated notes ...... ... ....... .... #....... ...$ #....... ..(.. #......##..... ............. #.#.@...... #####.......... ......∩.....:.@ ............... #.............. #####....##.... #.....##... ##......... #.)<....... #.......... #..........#.. Turn 6366 on D:6: - bad

.(.## #...#..### ..
....###........#
....##..#.........##
....#...#.......###
..##........((.....(##
.............#..#...#
.#............##.....### ####
.#.....................###♣⌠♣/#
..............#.@........#W...8
.............###......##.#W....
.......###....##@......#.+.....
.......#.................+...$.
..........###.##......##.+.....
......#...######.>#...##.#.....
..#..###...###....###....#....8
###.####...........####..#♣⌠♣.#
##.###.......##....#.#..######
#^.#....####.###..............
###......####.# #...##.........
.......#...##.####...##.......#
......##...#...#...............


Turn 7222 on D:6: - so close #....###...................#.##
##.........................# #..(.......................#
###..(####..##..####......##.# #.....)........## ####..##..# #........#######
#..# .## #.##..#### #...#. #......# ###... #......# ...#
#....[[##################.### ......[.........@.D.$....
##.....################## ##.....## ........# ####..#.# ...####.# ...####!#
∩[.')!.!# ...####.# ...# #.# #### ##.# Turn 9885 on D:8: - stupid

Levels and vault maps discovered:
D:1:      matt_arrival_refuge, layout_rooms,
          shapermc_ecumenical_altar_mp_ritualfount, hangedman_glass_garden
D:2:      layout_basic, fountainhead, minivault_14, kennysheep_generic_room_3,
          uniq_natasha, uniq_sigmund, uniq_terence
D:3:      layout_basic, nicolae_overflow_quartered_altars, serial_shops, shop,
          shop_scrolls, shop, shop_statue, nicolae_square_shop,
          gammafunk_ghost_arena, minmay_pentomino_pile, uniq_jessica
D:4:      layout_gridville, old_standard_altar,
          yredelemnul_forgotten_temple_becter
D:5:      lemuel_ratsnest, layout_basic, fiery_altar_vehumet, fedhas_altar_4,
          minmay_temple_entry_waves, nicolae_ossuary_entry_ruins, serial_glass,
          glass_columns_c, glass_columns_a, glass_columns_a, glass_columns_b
D:6:      layout_cave_pools, gammafunk_ghost_cemetery, minmay_shop_damaged,
          uniq_maggie, uniq_edmund, uniq_grinder
D:8:      layout_rooms, nzn_hepliaklqana_mist_gate, erik_lair_island,
          enter_bailey_7, uniq_maurice

Skill      XL: |  1  2  3  4  5  6  7  8  9 10 |
---------------+-------------------------------+-----
Maces & Flails | 2 3 4 5 6 |  6.0
Fighting       | 4 5 7 8 9 |  9.0
Earth Magic    | 1 5 7 8 |  8.1
Invocations    | 7 8 |  8.1
Armour         | |  1.7
Dodging        | |  0.8

Action                   |  1- 3 |  4- 6 |  7- 9 | 10-12 || total
-------------------------+-------+-------+-------+-------++-------
Melee: Mace              |    84 |   185 |   482 |    44 ||   795
       Kick              |     8 |    40 |   141 |    10 ||   199
       Dagger            |       |    20 |       |       ||    20
Throw: Stone             |    63 |    10 |       |       ||    73
       Dart              |       |    10 |    72 |    13 ||    95
 Cast: Sandblast         |       |     1 |   100 |    11 ||   112
Invok: Depart the Abyss  |     1 |       |       |       ||     1
       Bend Space        |       |       |    10 |     1 ||    11
Evoke: Wand              |       |       |    12 |       ||    12
  Use: Potion            |       |     5 |     5 |     1 ||    11
       Scroll            |       |     5 |       |     2 ||     7
 Stab: Paralysed         |       |       |    44 |     7 ||    51
       Sleeping          |       |       |     5 |       ||     5
       Distracted        |       |       |     1 |       ||     1
Armor: Leather armour    |     8 |       |       |       ||     8
       Ring mail         |    26 |    77 |   117 |       ||   220
       Swamp dragon scal |       |       |    39 |    22 ||    61
Dodge: Dodged            |    52 |   119 |   232 |    18 ||   421
